 Dungeon Crawl Stone Soup version 0.29.1-1-gd02db6906a (webtiles) character file.

Game seed: 1496406872288623888

198 raistware the Magician (level 5, -3/33 HPs)
             Began as an Octopode Conjurer on Sept 16, 2022.
             Killed by divine providence
             ... invoked by an orc priest
              (13 damage)
             ... on level 3 of the Dungeon.
             The game lasted 00:05:12 (2868 turns).

raistware the Magician (Octopode Conjurer)          Turns: 2868, Time: 00:05:14

Health: -3/33      AC:  1    Str:  6    XL:     5   Next: 77%
Magic:  0/12       EV: 13    Int: 23    God:
Gold:   112        SH:  0    Dex: 10    Spells: 6/13 levels left

rFire   . . .      SeeInvis .   b - +1 dagger (flame)
rCold   . . .      Faith    .   (no shield)
rNeg    . . .      Spirit   .   (helmet restricted)
rPois   .          Reflect  .   (no amulet)
rElec   .          Harm     .   (no ring)
rCorr   .          Rampage  .   (no ring)
Will    .....                   (no ring)
Stlth   +++.......              (no ring)
HPRegen 0.11/turn               (no ring)
MPRegen 0.13/turn               (no ring)
                                (no ring)
                                (no ring)

@: no status effects
A: almost no armour, amphibious, 8 rings, camouflage 1, gelatinous body 1,
(nimble swimmer 1), tentacles
a: no special abilities


You were on level 3 of the Dungeon.
You visited 1 branch of the dungeon, and saw 3 of its levels.

You collected 112 gold pieces.

Inventory:

Hand Weapons
 b - a +1 dagger of flaming (weapon)
Wands
 o - a wand of polymorph (7)
Scrolls
 e - 2 scrolls of identify {unknown}
 f - a scroll of teleportation {unknown}
 g - 2 scrolls of blinking {unknown}
 i - 2 scrolls of noise {unknown}
 j - a scroll of acquirement {unknown}
 l - a scroll of butterflies {unknown}
 m - a scroll of enchant weapon {unknown}
Potions
 a - 2 potions of magic
 c - a potion of brilliance {unknown}
 d - 2 potions of degeneration {unknown}
 h - a potion of mutation {unknown}
 k - a potion of haste {unknown}
 n - 2 potions of curing {unknown}


   Skills:
 - Level 1.0 Fighting
 - Level 2.0 Dodging
 - Level 3.0 Stealth
 + Level 4.7 Spellcasting
 - Level 4.0 Conjurations
 - Level 2.0 Translocations


You had 6 spell levels left.
You knew the following spells:

 Your Spells              Type           Power      Damage    Failure   Level
a - Magic Dart            Conj           92%        1d7       1%          1
b - Iskenderun's Mystic   Conj/Tloc      19%        2d6       28%         4
q - Blink                 Tloc           28%        N/A       6%          2

Your spell library contained the following spells:

 Spells                   Type           Power      Damage    Failure   Level
 Searing Ray              Conj           46%        2d6       2%          2
 Dazzling Flash           Conj/Hex       28%        N/A       13%         3
 Lesser Beckoning         Tloc           14%        N/A       13%         3
 Fulminant Prism          Conj/Hex       7%         3d7       38%         4
 Manifold Assault         Tloc           14%        N/A       75%         5


Dungeon Overview and Level Annotations

Branches:
Dungeon (3/15)

Altars:
Uskayaw
The Shining One

Annotations:
D:2 1 runed translucent door, Crazy Yiuf


Innate Abilities, Weirdness & Mutations

You cannot wear most types of armour.
You are amphibious.
You can wear up to eight rings at the same time.
Your skin changes colour to match your surroundings (Stealth+).
Your rubbery body absorbs attacks. (AC +1, EV +1)
((You are camouflaged when in or above water. (Stealth+)))
You have tentacles for arms and can constrict up to eight enemies at once.


Message History

The orc wizard casts a spell at you. The magic dart hits you.
An orc priest comes into view. It is wielding a +0 club.
You closely miss the orc wizard. Your grab misses the orc wizard.
The orc wizard is lightly wounded.
The orc wizard hits you with a +0 dagger.
You hit the orc wizard. You burn the orc wizard. You grab the orc wizard.
You tentacle-slap the orc wizard, but do no damage.
The orc wizard is severely wounded.
You constrict the orc wizard, but do no damage.
The orc priest begins to cast a cantrip, but forgets the words!
The orc wizard hits you with a +0 dagger.
You hit the orc wizard. You burn the orc wizard.
You kill the orc wizard!
You hit the orc. You burn the orc. Your grab misses the orc.
You squeeze the orc, but do no damage.
The orc is heavily wounded.
The orc misses you.
The orc priest begins to cast a cantrip, but forgets the words!
The orc attacks as you move away! The orc hits you with a +0 whip.
You hit the orc but do no damage. Your grab misses the orc.
You squeeze the orc, but do no damage.
The orc is heavily wounded.
The orc completely misses you.
You hit the orc. You burn the orc. You grab the orc.
The orc is severely wounded.
You constrict the orc. The orc misses you.
You hit the orc. You burn the orc.
You kill the orc!
Casting: Magic Dart (safe; 1% risk of failure)
Confirm with . or Enter, or press ? or * to list all spells.
The spell is extremely dangerous to miscast (28% risk of failure)!
Continue anyway?
You erupt in a blast of force!
The mystic blast hits the orc priest!
The orc priest is severely wounded.
The orc priest is knocked back by the mystic blast.
The orc priest slams into the rock wall!
The orc priest is almost dead.
The orc priest mumbles some strange prayers to Beogh against you.
Beogh smites you!
You die...

#.# #.# #.# #.# #.#
########.######
#.o)).o.......####
#)######.####.....
#@# #.# ###### #.#
####.# #.# #....# #.#
#.#### #########.#
#.# #.........# #.#
#.######### #.# #####
#.###########†###...#
#.#..............####


You could see an orc priest.

Vanquished Creatures
  Jessica (D:2)
  2 orc wizards (D:3)
  Robin (D:2)
  3 gnolls
  3 dart slugs
  2 orcs (D:3)
  8 ball pythons
  4 bats
  5 endoplasms
  A giant cockroach (D:1)
  17 goblins
  7 hobgoblins
  3 kobolds (D:1)
  6 quokkas
  3 frilled lizards
  5 rats
71 creatures vanquished.

Notes
Turn   | Place    | Note
-------+----------+-------------------------------------------
     0 | D:1      | raistware the Octopode Conjurer began the quest for the
                  | Orb.
     0 | D:1      | Reached XP level 1. HP: 11/11 MP: 3/3
   197 | D:1      | Reached XP level 2. HP: 12/17 MP: 1/5
   786 | D:1      | Reached XP level 3. HP: 21/21 MP: 3/7
  1512 | D:2      | Noticed Jessica
  1516 | D:2      | Killed Jessica
  1517 | D:2      | Reached XP level 4. HP: 27/27 MP: 6/10
  1522 | D:2      | Learned a level 4 spell: Iskenderun's Mystic Blast
  1635 | D:2      | Found a glowing golden altar of the Shining One.
  1667 | D:2      | Noticed Robin
  1712 | D:2      | Reached skill level 1 in Translocations
  1717 | D:2      | Killed Robin
  2071 | D:2      | Found a runed translucent door.
  2072 | D:2      | Noticed Crazy Yiuf
  2352 | D:3      | Reached XP level 5. HP: 31/31 MP: 9/11
  2488 | D:3      | Noticed a +0 falchion
  2488 | D:3      | Noticed a +0 spear
  2488 | D:3      | Noticed a +0 dagger
  2488 | D:3      | Noticed a +0 dagger
  2489 | D:3      | Noticed a +0 short sword
  2489 | D:3      | Noticed a +0 falchion
  2489 | D:3      | Noticed a +0 short sword
  2500 | D:3      | Found a hide-covered altar of Uskayaw.
  2504 | D:3      | Noticed a +0 spear
  2816 | D:3      | Learned a level 2 spell: Blink
  2857 | D:3      | Reached skill level 1 in Fighting
  2868 | D:3      | Killed from afar by an orc priest

Illustrated notes

Levels and vault maps discovered:
D:1:      dpeg_arrival_radiant, layout_basic
D:2:      layout_rooms, basic_altar, uniq_jessica, uniq_robin,
          uniq_crazy_yiuf_cottage
D:3:      layout_loops_ring, nicolae_uskayaw_en_pointe, trog_butcher_becter

Skill      XL: |  1  2  3  4  5 |
---------------+----------------+-----
Spellcasting   | 3 4 |  4.7
Translocations | 2 |  2.0
Stealth        | 3 |  3.0
Fighting       | 1 |  1.0
Dodging        | |  2.0
Conjurations   | |  4.0

Action                   |  1- 3 |  4- 6 || total
-------------------------+-------+-------++-------
Melee: Unarmed           |    11 |       ||    11
       Constrict         |     3 |     4 ||     7
       Tentacles         |     2 |     2 ||     4
       Dagger            |     3 |    15 ||    18
       Punch             |       |     1 ||     1
 Cast: Magic Dart        |    57 |    69 ||   126
       Iskenderun's Myst |       |     1 ||     1
 Stab: Sleeping          |     3 |     2 ||     5
Armor: Skin              |     2 |       ||     2
Dodge: Dodged            |    16 |     6 ||    22
